AoeStats
← The Polished Pole

Arena

510132745Analyzed
1v1 RM · 4d ago on Sep 29, 2026· 43m 11s· 2 players
Game mode
Random Map
Map size
Tiny (2 player)
Population
200
Speed
Normal
Resources
Standard
Victory
Conquest
Starting age
Dark Age
Ending age
Imperial Age
RankedLock teamsTeams togetherTeam positionsShared explorationLock speedFull tech treeHidden civsTurbo modeCheats
Victory
Defeat
🇺🇸 Poles · United States
411
+16
🇪🇸 Khmer · Spain
411
-21
The Polished Pole
0:37 Loom
2:57 Loom
11:07 Feudal Age
12:34 Wheelbarrow
13:06 Horse Collar
13:14 Double-Bit Axe
20:11 Castle Age
19:35 Forging
19:32 Scale Barding Armor
20:29 Scale Mail Armor
20:48 Bloodlines
21:13 Bow Saw
21:31 Heavy Plow
22:18 Husbandry
21:39 Light Cavalry
23:48 Hand Cart
24:33 Murder Holes
24:19 Treadmill Crane
24:54 Masonry
28:11 Iron Casting
27:57 Chain Barding Armor
30:15 Redemption
30:32 Ballistics
31:28 Szlachta Privileges
33:35 Thumb Ring
32:51 Crossbowman
34:04 Fervor
34:17 Sanctity
34:20 Chain Mail Armor
33:56 Fletching
34:07 Padded Archer Armor
36:38 Bodkin Arrow
36:59 Leather Archer Armor
42:41 Imperial Age
41:59 Arson
42:14 Squires
44:16 Crop Rotation
yeffac68
11:14 Feudal Age
14:14 Wheelbarrow
17:03 Double-Bit Axe
22:55 Castle Age
22:36 Stone Mining
24:11 Hand Cart
31:21 Bow Saw
35:36 Gold Mining
37:57 Husbandry
41:18 Gold Shaft Mining
Connection lost

Rejoining the realm…

Still unreachable

The connection could not be restored.

Session expired

The server has moved on; the page needs a fresh start.